 Dungeon Crawl Stone Soup version 0.29-a0-717-g6dac4ea423 (webtiles) character file.

Game seed: 13602314489323161407

7021 Shayle the Jinx (level 10, -4/79 HPs)
             Began as a Vampire Enchanter on June 26, 2022.
             Was an Initiate of Gozag.
             Slain by a guardian serpent (shapeshifter) (18 damage)
             ... on level 10 of the Dungeon.
             The game lasted 01:03:33 (13741 turns).

Shayle the Jinx (Vampire Enchanter)                Turns: 13741, Time: 01:03:34

Health: -4/79      AC: 12    Str: 11    XL:     10   Next: 82%
Magic:  21/21      EV: 13    Int: 20    God:    Gozag
Gold:   195        SH:  9    Dex: 15    Spells: 13/24 levels left

rFire   + . .      SeeInvis +   a - +6 rapier of Noovock {flame, rPois}
rCold   . . .      Faith    .   B - +0 buckler
rNeg    + . .      Spirit   .   c - +2 scale mail {rN+}
rPois   +          Reflect  +   e - +2 helmet
rElec   .          Harm     .   (no cloak)
rCorr   .          Rampage  .   g - +0 pair of gloves
Will    +....      Clarity  +   (no boots)
Stlth   ++........              i - amulet of reflection
HPRegen 0.43/turn               h - ring of protection from fire
MPRegen 0.17/turn               (no ring)

@: about to teleport, healing quickly, studying Transmutations
A: alive, fangs 3, see invisible, vampiric 2, clarity, strong 1, subdued magic
1, sturdy frame 1
a: Exsanguinate, Renounce Religion, Potion Petition, Call Merchant, Bribe Branch


You were on level 10 of the Dungeon.
You worshipped Gozag.
Gozag was aware of your devotion.
You visited 2 branches of the dungeon, and saw 11 of its levels.
You also visited: Sewer.

You collected 1512 gold pieces.
You spent 793 gold pieces at shops.
You paid 524 gold pieces to Gozag.

Inventory:

Hand Weapons
 a - the +6 rapier of Noovock (weapon) {flame, rPois}
   (You bought it in a shop on level 2 of the Dungeon)

   It burns those it strikes, dealing additional fire damage.
   rPois:     It protects you from poison.
 f - a +5 trident
 q - a +2 dagger of venom
 r - a +2 mace of draining
Missiles
 l - 40 poisoned darts
 s - 2 throwing nets (quivered)
 y - 2 curare-tipped darts
Armour
 c - a +2 scale mail of positive energy (worn)
 d - a +2 leather armour of fire resistance
 e - a +2 helmet (worn)
 g - a +0 pair of gloves (worn)
 z - a +0 leather armour of cold resistance
 B - a +0 buckler (worn)
Jewellery
 b - a ring of ice
 h - a ring of protection from fire (left hand)
 i - an amulet of reflection (around neck)
 w - a ring of fire
Wands
 k - a wand of quicksilver (2)
 n - a wand of flame (34)
Scrolls
 t - 4 scrolls of immolation
 u - 6 scrolls of noise
 v - 4 scrolls of magic mapping
 C - 2 scrolls of teleportation
Potions
 j - 3 potions of mutation
 o - 2 potions of brilliance
 A - 2 potions of degeneration
 E - 4 potions of flight


   Skills:
 + Level 7.3 Fighting
 - Level 1.1 Short Blades
 - Level 9.1 Dodging
 - Level 4.4 Stealth
 + Level 1.0 Shields
 + Level 7.6 Spellcasting
 - Level 1.9 Conjurations
 - Level 11.4 Hexes
 + Level 4.6 Transmutations
 + Level 2.9 Ice Magic


You had 13 spell levels left.
You knew the following spells:

 Your Spells              Type           Power      Damage    Failure   Level
a - Ensorcelled Hibernat  Hex/Ice        56%        N/A       2%          2
b - Confusing Touch       Hex            41%        N/A       1%          3
c - Dazzling Flash        Conj/Hex       52%        N/A       6%          3
d - Mephitic Cloud        Conj/Pois/Air  7%         N/A       61%         3

Your spell library contained the following spells:

 Spells                   Type           Power      Damage    Failure   Level
 Tukima's Dance           Hex            41%        N/A       1%          3
 Shock                    Conj/Air       32%        1d5       22%         1
 Silence                  Hex/Air        11%        N/A       67%         5
 Agony                    Necr           5%         N/A       100%        5
 Lightning Bolt           Conj/Air       4%         1d15      100%        5
 Conjure Ball Lightning   Conj/Air       4%         3x3d6     100%        6


Dungeon Overview and Level Annotations

Branches:
Dungeon (10/15)            Temple (1/1) D:7             Orc (0/2) D:10
  Sewer (visited)
   Lair: D:8-11

Altars:
Ashenzari
Cheibriados
Dithmenos
Elyvilon
Fedhas
Gozag
Hepliaklqana
Kikubaaqudgha
Makhleb
Nemelex Xobeh
Okawaru
Qazlal
Ru
Sif Muna
Trog
Uskayaw
Vehumet
Wu Jian
Xom
Yredelemnul
Zin
The Shining One
Beogh

Shops:
D:2 *   D:5 :   D:7 [

Annotations:
D:3 1 runed translucent door, zhov's ghost, amateur FoHu
D:6 1 runed translucent door, sammy202020's ghost, novice DsBe


Innate Abilities, Weirdness & Mutations

Your natural rate of healing is accelerated.
You have razor-sharp teeth.
You have supernaturally acute eyesight. (SInv)
You are afflicted with vampirism and can become a bat while bloodless.
You possess an exceptional clarity of mind.
Your muscles are strong. (Str +4, Int/Dex -1)
Your spells are a little easier to cast, but a little less powerful.
Your movements are slightly less encumbered by armour. (ER -2)


Message History

As you read the scroll of teleportation, it crumbles to dust.
You feel strangely unstable. The chaos spawn closely misses you.
The iron imp shouts, "Embrace thy fall, thou lumpish bat-flapping pumpion!"
Unknown command.
Okay, then.
Okay, then.
Okay, then.
Okay, then.
Throw: 3 throwing nets
Press: ? - help, Q - select action, (/) - cycle Shift-Dir - straight line, f - two-headed ogre
Aim: a two-headed ogre, wielding a +0 giant spiked club and a +0 giant club (moderately wounded, 76% to hit)
You throw a throwing net.
The throwing net hits the two-headed ogre.
The two-headed ogre is caught in the net!
The two-headed ogre is moderately wounded.
The two-headed ogre struggles against the net.
The kobold demonologist begins to cast a cantrip, but forgets the words!
The chaos spawn closely misses you.
The crimson imp blinks!
The chaos spawn attacks as you move away!
The chaos spawn barely misses you.
The two-headed ogre struggles against the net.
The kobold demonologist misses you.
Unknown command.
You hit the kobold demonologist. You burn the kobold demonologist.
The kobold demonologist is lightly wounded.
Your surroundings suddenly seem different.
A guardian serpent and 2 howler monkeys come into view.
Found a scroll labelled BUCUNANWEBB.
The guardian serpent shouts!
The howler monkey moves out of view.
As you read the scroll of teleportation, it crumbles to dust.
You feel strangely unstable.
The howler monkey hoots and howls with incredible vigour!
You hear a shout! x4; You hear a roar!
The guardian serpent hits you.
* * * LOW HITPOINT WARNING * * *
The guardian serpent attacks as you move away!
The guardian serpent hits you!!
You die...
Your body crumbles into a pile of gold.

###.............## ?
.....#............. ..
.....#............. ... $
.....#............#### ....
.##...........h......#.....
..#........................
................h......##
.##..#.W.....#..........#
.##..#..........@SW.....#
......###......# ....#
##...#.# #.# ...##.# # #.##
. ..# # ..


You could see a guardian serpent, a shadow and 2 howler monkeys.

Vanquished Creatures
  Harold (D:8)
  Pikel (D:7)
  An unseen horror (D:9)
  Prince Ribbit (D:6)
  A yak (D:9)
  2 steam dragons
  A vampire mosquito (D:9)
  A water moccasin (D:5)
  7 orc warriors
  Duvessa (D:6)
  An ice beast (D:8)
  A sky beast (D:7)
  3 black bears
  3 centaurs
  A phantom (Temple)
  5 kobold brigands
  3 bullfrogs
  3 scorpions
  3 necrophages
  3 wights (D:6)
  Dowan (D:6)
  14 killer bees
  5 howler monkeys
  An electric eel (D:8)
  A gnoll shaman (D:6)
  9 orc priests
  3 hounds
  Natasha (D:2)
  5 iguanas
  10 orc wizards
  9 gnolls
  14 adders
  4 river rats (Sewer)
  A white imp (D:5)
  3 ufetubi
  4 worms
  3 dart slugs
  37 orcs
  8 bats
  6 endoplasms
  3 giant cockroaches
  5 goblins
  3 hobgoblins
  2 jackals (Sewer)
  24 kobolds
  6 quokkas
  13 ball pythons
  4 frilled lizards
  3 rats
245 creatures vanquished.

Vanquished Creatures (collateral kills)
  2 killer bees (D:8)
  An iguana (D:6)
  An orc wizard (D:6)
4 creatures vanquished.

Vanquished Creatures (others)
  4 killer bees (D:8)
  2 hounds (D:6)
6 creatures vanquished.

Grand Total: 255 creatures vanquished

Notes
Turn   | Place    | Note
-------+----------+-------------------------------------------
     0 | D:1      | Shayle the Vampire Enchanter began the quest for the Orb.
     0 | D:1      | Reached XP level 1. HP: 13/13 MP: 3/3
   320 | D:1      | Reached XP level 2. HP: 5/20 MP: 5/5
   877 | D:2      | Reached skill level 1 in Fighting
   877 | D:2      | Gained mutation: You are afflicted with vampirism and can
                  | become a bat while bloodless. [Vampire growth]
   877 | D:2      | Reached XP level 3. HP: 26/26 MP: 6/6
   902 | D:2      | Found a basalt altar of Yredelemnul.
  1166 | D:2      | Reached skill level 5 in Hexes
  1247 | D:2      | Found Asaoxiff's Assorted Antiques.
  1273 | D:2      | Noticed Natasha
  1282 | D:2      | Killed Natasha
  1283 | D:2      | Reached XP level 4. HP: 22/32 MP: 6/8
  1538 | D:3      | Found a faded altar of an unknown god.
  1638 | D:3      | Found a runed translucent door.
  1652 | D:3      | Noticed zhov's ghost (amateur FoHu)
  1707 | D:3      | Reached XP level 5. HP: 10/38 MP: 9/9
  1711 | D:3      | Gained mutation: You occasionally lose the ability to read
                  | scrolls when taking damage. [potion of mutation]
  2413 | D:3      | Reached skill level 6 in Hexes
  2804 | D:4      | Reached XP level 6. HP: 32/46 MP: 9/11
  3155 | D:5      | Entered Level 5 of the Dungeon
  3218 | D:5      | Noticed a water moccasin
  3230 | D:5      | Killed a water moccasin
  3233 | D:5      | Reached XP level 7. HP: 28/52 MP: 12/12
  3413 | D:5      | Reached skill level 7 in Hexes
  3684 | D:5      | Found Oconamaa's Book Boutique.
  3790 | D:5      | Reached skill level 5 in Dodging
  4616 | D:6      | Found a glowing drain.
  4632 | Sewer    | Entered a sewer
  4645 | Sewer    | Reached XP level 8. HP: 56/60 MP: 14/14
  4760 | Sewer    | Reached skill level 8 in Hexes
  5568 | D:6      | You fall into a shaft and drop 2 floors!
  5733 | D:7      | Reached skill level 5 in Spellcasting
  5835 | D:7      | Found a staircase to the Ecumenical Temple.
  5861 | Temple   | Entered the Ecumenical Temple
  6136 | Temple   | Became a worshipper of Gozag Ym Sagoz the Greedy
  6219 | D:6      | Reached skill level 9 in Hexes
  6415 | D:6      | Reached skill level 5 in Fighting
  6494 | D:6      | Reached XP level 9. HP: 51/64 MP: 17/17
  6586 | D:6      | Noticed Prince Ribbit
  6599 | D:6      | Killed Prince Ribbit
  6869 | D:6      | Reached skill level 10 in Hexes
  6957 | D:6      | Lost mutation: You occasionally lose the ability to read
                  | scrolls when taking damage. [potion of mutation]
  6957 | D:6      | Gained mutation: Your movements are slightly less
                  | encumbered by armour. (ER -2) [potion of mutation]
  6957 | D:6      | Gained mutation: Your spells are a little easier to cast,
                  | but a little less powerful. [potion of mutation]
  6957 | D:6      | Gained mutation: Your muscles are strong. (Str +4, Int/Dex
                  | -1) [potion of mutation]
  6957 | D:6      | Gained mutation: You possess an exceptional clarity of
                  | mind. [potion of mutation]
  7092 | D:6      | Noticed Duvessa
  7092 | D:6      | Noticed Dowan
  7119 | D:6      | Killed Dowan
  7120 | D:6      | Killed Duvessa
  7406 | D:6      | Found a runed translucent door.
  8134 | D:6      | Noticed sammy202020's ghost (novice DsBe)
  8272 | D:7      | Noticed Pikel
  8292 | D:7      | Killed Pikel
  8605 | D:7      | Reached skill level 11 in Hexes
  8750 | D:7      | Found Vigruyfuen's Armour Emporium.
  8860 | D:7      | Reached XP level 10. HP: 76/77 MP: 20/20
  8902 | D:8      | Upgraded the game from 0.29-a0-700-g2f1814c7b2 to
                  | 0.29-a0-717-g6dac4ea423
  9378 | D:8      | Learned a level 2 spell: Ensorcelled Hibernation
  9382 | D:8      | Learned a level 3 spell: Confusing Touch
  9386 | D:8      | Learned a level 3 spell: Dazzling Flash
  9760 | D:8      | Reached skill level 1 in Transmutations
  9886 | D:8      | Reached skill level 1 in Ice Magic
 10059 | D:5      | Bought Ruataukh's Handbook of Feathery Intoxication for 532
                  | gold pieces
 10063 | D:5      | Learned a level 3 spell: Mephitic Cloud
 10628 | D:9      | Identified the +2 helmet "Gichutat" {rF+ rC- Dex+2}
 10707 | D:9      | Noticed Harold
 10851 | D:8      | Killed Harold
 10852 | D:8      | Reached skill level 1 in Conjurations
 11505 | D:10     | Entered Level 10 of the Dungeon
 11505 | D:10     | Found a staircase to the Orcish Mines.
 11882 | D:10     | Noticed a seven-headed hydra
 12535 | D:2      | Bought a polished rapier for 261 gold pieces
 12535 | D:2      | Identified the +6 rapier of Noovock {flame, rPois} (You
                  | bought it in a shop on level 2 of the Dungeon)
 13484 | D:10     | Noticed a centaur warrior
 13605 | D:10     | Noticed a two-headed ogre
 13613 | D:9      | Reached skill level 1 in Shields
 13736 | D:10     | Noticed a guardian serpent
 13741 | D:10     | Slain by a guardian serpent (shapeshifter)

Illustrated notes

Levels and vault maps discovered:
D:1:      dpeg_arrival_round_c, layout_basic
D:2:      layout_basic, serial_shops, shop, basic_altar, uniq_natasha
D:3:      minmay_wonky_spiral, layout_loops_ring, mainiacjoe_overflow_alcove_2,
          ebering_ghost_inner_flame, hellmonk_ecumenical_altar_slurped_away,
          kennysheep_orc_chapel
D:4:      layout_basic
D:5:      layout_loops_corners, serial_shops, nicolae_shop_crystal
D:6:      layout_gridville, cheibrodos_sewer_entry_bend,
          ebering_ghost_reflecting_pool, uniq_duvessa, uniq_prince_ribbit1
D:7:      layout_loops_ring, minmay_temple_entry_statues_pillars, serial_shops,
          nicolae_shop_waterfront, uniq_pikel
D:8:      layout_loops_corners, minmay_crystal_water
D:9:      layout_gridville, uniq_harold
D:10:     minmay_bloctagon, layout_cave_pools, orc_david_3,
          nicolae_wooded_promenade
Temple:   regret_index_temple_sigil_plot

Skill      XL: |  1  2  3  4  5  6  7  8  9 10 |
---------------+-------------------------------+-----
Fighting       | 1 2 3 5 6 7 |  7.3
Hexes          | 5 6 7 9 11 | 11.4
Dodging        | 3 4 5 6 8 9 |  9.1
Spellcasting   | 3 4 5 6 7 |  7.6
Transmutations | 4 |  4.6
Ice Magic      | 2 |  2.9
Conjurations   | 1 |  1.9
Shields        | 1 |  1.0
Short Blades   | |  1.1
Stealth        | |  4.4

Action                   |  1- 3 |  4- 6 |  7- 9 | 10-12 || total
-------------------------+-------+-------+-------+-------++-------
Melee: Dagger            |    93 |       |       |       ||    93
       Bite              |     5 |    20 |    83 |    45 ||   153
       Mace              |     5 |   185 |   668 |   266 ||  1124
       Punch             |       |     1 |       |       ||     1
       Rapier            |       |       |       |    32 ||    32
       Trident           |       |       |       |    24 ||    24
Throw: Throwing net      |       |       |       |     1 ||     1
 Cast: Mephitic Cloud    |       |       |       |    12 ||    12
       Dazzling Flash    |       |       |       |     8 ||     8
       Confusing Touch   |       |       |       |     3 ||     3
Invok: Potion Petition   |       |       |       |     1 ||     1
Evoke: Wand              |       |       |     4 |     6 ||    10
  Use: Potion            |       |     5 |    10 |     2 ||    17
       Scroll            |       |     2 |    13 |     6 ||    21
 Stab: Sleeping          |     8 |     9 |     5 |       ||    22
       Confused          |       |       |     1 |     9 ||    10
       Distracted        |       |       |     2 |     2 ||     4
       Invisible         |       |       |       |     5 ||     5
Armor: Robe              |    17 |       |       |       ||    17
       Ring mail         |     1 |    95 |    21 |       ||   117
       Leather armour    |       |       |   277 |   109 ||   386
       Skin              |       |       |       |    64 ||    64
       Scale mail        |       |       |       |     3 ||     3
Dodge: Dodged            |    26 |   121 |   562 |   318 ||  1027
Block: Other             |    14 |    61 |    18 |       ||    93
       Reflection        |     1 |       |     6 |     7 ||    14
       Buckler           |       |       |   402 |   239 ||   641

Table legend: (Time is in decaauts)
 A = Elapsed time spent in this place.
 B = Non-inter-level travel time spent in this place.
 C = Inter-level travel time spent in this place.
 D = Time resting spent in this place.
 E = Time spent auto-exploring this place.
 F = Levels seen in this place.
 G = Mean time per level.
                   A        B        C        D        E       F      G
               +--------+--------+--------+--------+--------+-----+--------+
         Total |  14525 |  12597 |   1928 |   1723 |   6045 |  12 | 1210.4 |
       Dungeon |  13030 |  11124 |   1906 |   1723 |   5477 |  10 | 1303.0 |
        Temple |    305 |    283 |     22 |      0 |    229 |   1 |  305.0 |
         Sewer |   1189 |   1189 |      0 |      0 |    338 |   1 | 1189.0 |
               +--------+--------+--------+--------+--------+-----+--------+

Top non-repeatable levels by time:
     D:9: 2385 daAuts
     D:6: 2218 daAuts
     D:5: 1732 daAuts
     D:8: 1638 daAuts
     D:3: 1454 daAuts
   Sewer: 1189 daAuts
     D:7: 1053 daAuts
     D:1: 872 daAuts
     D:4: 848 daAuts
     D:2: 698 daAuts
  Temple: 305 daAuts
    D:10: 127 daAuts
